[Event "Slovakian ECo-C Extraliga 2024-25"]
[Site "Slovakia"]
[Date "2025.02.15"]
[Round "5.3"]
[White "Stachowiak, Kamil"]
[Black "Rohacek, Miroslav"]
[Result "1-0"]
[Annotator "ChessBase"]
[ECO "D23"]
[WhiteElo "2413"]
[BlackElo "2235"]
[PlyCount "75"]
[EventDate "2024.09.12"]
[EventType "team-tourn"]
[EventCountry "SVK"]
[SourceTitle "playchess.com"]
[Source "ChessBase"]
[SourceQuality "1"]
[TimeControl "5400+30"]

1. d4 Nf6 2. Nf3 d5 3. c4 dxc4 4. Qa4+ Nbd7 5. Qxc4 a6 6. Bf4 c6 7. Nc3 Nb6 8. Qd3 Nbd5 9. Bd2 Bg4 10. e4 Nb4 11. Qb1 Bxf3 12. gxf3 a5 13. a3 Na6 14. d5 g6 15. Qc2 Bg7 16. dxc6 bxc6 17. Na4 O-O 18. Qxc6 Qd7 19. Qxd7 Nxd7 20. Rc1 Bd4 21. Be3 Bxe3 22. fxe3 Rfc8 23. Rxc8+ Rxc8 24. Nc3 Nac5 25. Bb5 Ne5 26. Ke2 Nb7 27. f4 Nc4 28. Bxc4 Rxc4 29. Rd1 Nd6 30. Rd5 a4 31. Rd4 Rc6 32. Rxa4 Nc4 33. Nd5 Kg7 34. Nxe7 Rc5 35. Rb4 f5 36. exf5 Nd6 37. fxg6 hxg6 38. Nxg6 1-0

[Event "Slovakian ECo-C Extraliga 2024-25"]
[Site "Slovakia"]
[Date "2025.02.15"]
[Round "5.3"]
[White "Schwarz, Dusan"]
[Black "Bokros, Albert"]
[Result "1/2-1/2"]
[Annotator "ChessBase"]
[ECO "C13"]
[WhiteElo "2264"]
[BlackElo "2376"]
[PlyCount "66"]
[EventDate "2024.09.12"]
[EventType "team-tourn"]
[EventCountry "SVK"]
[SourceTitle "playchess.com"]
[Source "ChessBase"]
[SourceQuality "1"]
[TimeControl "5400+30"]

1. d4 e6 2. e4 d5 3. Nc3 Nf6 4. Bg5 Be7 5. e5 Nfd7 6. h4 h6 7. Bxe7 Qxe7 8. f4 a6 9. Nf3 c5 10. Qd2 Nc6 11. dxc5 Qxc5 12. Bd3 b5 13. Qf2 Bb7 14. O-O O-O 15. Ne2 Qxf2+ 16. Rxf2 f6 17. exf6 Rxf6 18. Ned4 Raf8 19. Re2 Nxd4 20. Nxd4 Nc5 21. Rae1 Ne4 22. Re3 R8f7 23. h5 Re7 24. Ne2 e5 25. fxe5 Rxe5 26. Nc3 Rf4 27. Nxe4 dxe4 28. Be2 Rc5 29. c3 Bd5 30. Rf1 Rxf1+ 31. Kxf1 Kf7 32. a3 Kf6 33. Kf2 Bf7 1/2-1/2

[Event "Slovakian ECo-C Extraliga 2024-25"]
[Site "Slovakia"]
[Date "2025.02.15"]
[Round "5.4"]
[White "Rigo, Zsolt"]
[Black "Kusiak, Matej"]
[Result "1-0"]
[Annotator "ChessBase"]
[ECO "B29"]
[WhiteElo "2408"]
[BlackElo "2227"]
[PlyCount "55"]
[EventDate "2024.09.12"]
[EventType "team-tourn"]
[EventCountry "SVK"]
[SourceTitle "playchess.com"]
[Source "ChessBase"]
[SourceQuality "1"]
[TimeControl "5400+30"]

1. e4 c5 2. Nf3 Nf6 3. e5 Nd5 4. Nc3 Nxc3 5. dxc3 Nc6 6. Bf4 e6 7. Nd2 d5 8. exd6 Bxd6 9. Qf3 Bxf4 10. Qxf4 O-O 11. O-O-O Qe7 12. Bb5 Bd7 13. Nc4 Rad8 14. Qc7 Bc8 15. Qf4 Bd7 16. Nd6 a6 17. Be2 Bc8 18. Bf3 Qc7 19. Qg3 Na5 20. Rd3 Qe7 21. Rhd1 b5 22. Qe5 c4 23. R3d2 Bb7 24. Nf5 Qg5 25. h4 Rxd2 26. hxg5 Rxd1+ 27. Bxd1 exf5 28. Qc7 1-0

[Event "Slovakian ECo-C Extraliga 2024-25"]
[Site "Slovakia"]
[Date "2025.02.15"]
[Round "5.4"]
[White "Cajka, Tibor"]
[Black "Berczes, David"]
[Result "0-1"]
[Annotator "ChessBase"]
[ECO "C11"]
[WhiteElo "2210"]
[BlackElo "2407"]
[PlyCount "68"]
[EventDate "2024.09.12"]
[EventType "team-tourn"]
[EventCountry "SVK"]
[SourceTitle "playchess.com"]
[Source "ChessBase"]
[SourceQuality "1"]
[TimeControl "5400+30"]

1. e4 e6 2. d4 d5 3. Nc3 Nf6 4. Bg5 dxe4 5. Nxe4 Be7 6. Bxf6 gxf6 7. Nf3 a6 8. Bc4 b5 9. Bb3 Bb7 10. Qe2 Nd7 11. a4 O-O 12. O-O Nb6 13. axb5 axb5 14. Rad1 b4 15. Rfe1 Kh8 16. Qb5 Bd5 17. c4 c6 18. Qxb6 Qxb6 19. cxd5 cxd5 20. Ng3 Qd8 21. Rc1 Rc8 22. Ra1 Rg8 23. Nf1 Bd6 24. Re2 Qf8 25. Ne1 Qh6 26. Re3 Bf4 27. Rf3 Rc1 28. Rxc1 Bxc1 29. Nd3 Bg5 30. Nxb4 f5 31. Nc6 Bf6 32. Ba4 Bxd4 33. b4 Bb6 34. Ne5 Qg7 0-1

[Event "Slovakian ECo-C Extraliga 2024-25"]
[Site "Slovakia"]
[Date "2025.02.15"]
[Round "5.4"]
[White "Rak, Martin"]
[Black "Butkiewicz, Lukasz"]
[Result "0-1"]
[Annotator "ChessBase"]
[ECO "E24"]
[WhiteElo "2064"]
[BlackElo "2339"]
[PlyCount "82"]
[EventDate "2024.09.12"]
[EventType "team-tourn"]
[EventCountry "SVK"]
[SourceTitle "playchess.com"]
[Source "ChessBase"]
[SourceQuality "1"]
[TimeControl "5400+30"]

1. d4 Nf6 2. c4 e6 3. Nc3 Bb4 4. a3 Bxc3+ 5. bxc3 c5 6. f3 Nc6 7. e4 d6 8. Ne2 e5 9. Be3 b6 10. d5 Na5 11. Ng3 O-O 12. Bd3 Ne8 13. h4 Rb8 14. a4 Bd7 15. Qe2 h6 16. Qc2 Nf6 17. Ne2 a6 18. Qa2 Ra8 19. g4 Nh7 20. Ng3 b5 21. Qg2 bxc4 22. Bc2 f6 23. Kf2 Rb8 24. Rab1 Rxb1 25. Rxb1 Qc7 26. g5 fxg5 27. hxg5 hxg5 28. Rh1 g6 29. Qh2 Bg4 30. Bd1 Bxf3 31. Bxf3 g4 32. Qh6 Rxf3+ 33. Ke2 Qf7 34. Nf1 Nb3 35. Qh4 Rxe3+ 36. Nxe3 Qf3+ 37. Ke1 Qxe3+ 38. Kf1 Nd2+ 39. Kg2 Qf3+ 40. Kh2 Qe2+ 41. Kg3 Nxe4# 0-1

[Event "Slovakian ECo-C Extraliga 2024-25"]
[Site "Slovakia"]
[Date "2025.02.15"]
[Round "5.5"]
[White "Hujbert, Florian"]
[Black "Jozefek, Michal"]
[Result "1-0"]
[Annotator "ChessBase"]
[ECO "A34"]
[WhiteElo "2413"]
[BlackElo "2099"]
[PlyCount "51"]
[EventDate "2024.09.12"]
[EventType "team-tourn"]
[EventCountry "SVK"]
[SourceTitle "playchess.com"]
[Source "ChessBase"]
[SourceQuality "1"]
[TimeControl "5400+30"]

1. g3 Nf6 2. Bg2 c5 3. c4 d5 4. cxd5 Nxd5 5. Nc3 Nc7 6. d3 e5 7. Be3 Ne6 8. Nf3 Nc6 9. Nd2 Bd7 10. Nc4 Qb8 11. a4 Be7 12. Nd5 Bd8 13. O-O O-O 14. a5 Re8 15. Bd2 Ncd4 16. e3 Nf5 17. Nc3 f6 18. Qf3 Nd6 19. Nxd6 Qxd6 20. Qxb7 Rb8 21. Ne4 Qc7 22. Qd5 Kh8 23. Nd6 Rf8 24. a6 Rxb2 25. Ba5 Qb8 26. Nc4 1-0

[Event "Slovakian ECo-C Extraliga 2024-25"]
[Site "Slovakia"]
[Date "2025.02.15"]
[Round "5.5"]
[White "Krak, Tomas"]
[Black "Juhasz, Agoston"]
[Result "1/2-1/2"]
[Annotator "ChessBase"]
[ECO "B90"]
[WhiteElo "2253"]
[BlackElo "2425"]
[PlyCount "195"]
[EventDate "2024.09.12"]
[EventType "team-tourn"]
[EventCountry "SVK"]
[SourceTitle "playchess.com"]
[Source "ChessBase"]
[SourceQuality "1"]
[TimeControl "5400+30"]

1. e4 c5 2. Nf3 d6 3. d4 cxd4 4. Nxd4 Nf6 5. Nc3 a6 6. Be3 e5 7. Nb3 Be7 8. h3 h6 9. Qf3 b5 10. O-O-O b4 11. Nd5 Nxd5 12. exd5 a5 13. Kb1 O-O 14. g4 a4 15. Nd2 b3 16. cxb3 axb3 17. a3 f5 18. Bd3 e4 19. Nxe4 Nd7 20. gxf5 Ne5 21. Qg2 Bxf5 22. Bd4 Bf6 23. Rhg1 Kh8 24. Bxe5 Bxe5 25. Ng3 Bxd3+ 26. Rxd3 Qa5 27. f4 Rxf4 28. Nh5 Rf5 29. Ng3 Rf4 30. Ne2 Rf7 31. Rxb3 Raf8 32. Nc1 Rf2 33. Qg4 Qxd5 34. Rd1 Qc6 35. Qg6 Rg2 36. Qd3 Rc8 37. Ne2 Qa4 38. Rb4 Qa7 39. Nf4 Bxf4 40. Rxf4 Rb8 41. Rd2 Rxd2 42. Qxd2 d5 43. Rd4 Qxa3 44. Rxd5 Qxh3 45. Rd8+ Rxd8 46. Qxd8+ Kh7 47. Qd5 h5 48. b4 Qg4 49. b5 h4 50. Qd3+ g6 51. Qd8 h3 52. b6 Qg1+ 53. Kc2 Qf2+ 54. Qd2 Qxd2+ 55. Kxd2 h2 56. b7 h1=Q 57. b8=Q Qd5+ 58. Ke3 Qe6+ 59. Kf3 Qf5+ 60. Qf4 Qd5+ 61. Kg4 Qe6+ 62. Kg5 Qe7+ 63. Kg4 Qe2+ 64. Kg5 Qe7+ 65. Kg4 Qd7+ 66. Kg5 Qb5+ 67. Kf6 Qb6+ 68. Kg5 Qc5+ 69. Kf6 Qf8+ 70. Kg5 Qh6+ 71. Kg4 Qh5+ 72. Kg3 Qc5 73. Kg4 Kg7 74. Qg5 Qg1+ 75. Kf4 Qe1 76. Kg4 Qe2+ 77. Kf4 Qe6 78. Kg3 Qe4 79. Qf4 Qe1+ 80. Kg4 Qg1+ 81. Kh4 Qh1+ 82. Kg4 Qd1+ 83. Kh4 Qh5+ 84. Kg3 Qc5 85. Kh4 Qe7+ 86. Kg4 Qd7+ 87. Kh4 Qd8+ 88. Kg4 Qc8+ 89. Kh4 Qd7 90. Qg5 Qd4+ 91. Kg3 Qe4 92. Qf4 Qe7 93. Kg4 Qf6 94. Qxf6+ Kxf6 95. Kf4 g5+ 96. Kg4 Kg6 97. Kg3 g4 98. Kxg4 1/2-1/2

[Event "Slovakian ECo-C Extraliga 2024-25"]
[Site "Slovakia"]
[Date "2025.02.15"]
[Round "5.5"]
[White "Zambor, Norbert"]
[Black "Durana, Jonas"]
[Result "1-0"]
[Annotator "ChessBase"]
[ECO "B90"]
[WhiteElo "2243"]
[BlackElo "1968"]
[PlyCount "95"]
[EventDate "2024.09.12"]
[EventType "team-tourn"]
[EventCountry "SVK"]
[SourceTitle "playchess.com"]
[Source "ChessBase"]
[SourceQuality "1"]
[TimeControl "5400+30"]

1. e4 c5 2. Nf3 d6 3. d4 cxd4 4. Nxd4 Nf6 5. Nc3 a6 6. f3 e5 7. Nb3 Be7 8. Be3 Be6 9. Qd2 h5 10. Nd5 Nxd5 11. exd5 Bf5 12. Be2 Nd7 13. O-O Nf6 14. c4 O-O 15. Na5 Qd7 16. b4 Rac8 17. a4 e4 18. f4 Bg4 19. Rfc1 Bd8 20. Bf1 h4 21. h3 Bf5 22. Be2 Bg6 23. Qd1 Re8 24. Nb3 Qf5 25. Nd4 Qd7 26. a5 Kh7 27. Qe1 Ng8 28. f5 Bxf5 29. Nxf5 Qxf5 30. Bg4 Qg6 31. Bxc8 Bf6 32. Bxb7 Ne7 33. Bc6 Rb8 34. b5 Nf5 35. Ra2 Be5 36. Bd7 Nxe3 37. Qxe3 f5 38. Rf1 Rf8 39. Raf2 f4 40. Rxf4 Bxf4 41. Rxf4 Rxf4 42. Qxf4 Qh5 43. Qf5+ Qxf5 44. Bxf5+ g6 45. Bxe4 Kg7 46. Kf2 Kf6 47. bxa6 g5 48. a7 1-0

[Event "Slovakian ECo-C Extraliga 2024-25"]
[Site "Slovakia"]
[Date "2025.02.15"]
[Round "5.6"]
[White "Csonka, Atilla"]
[Black "Elias, David"]
[Result "1-0"]
[Annotator "ChessBase"]
[ECO "B53"]
[WhiteElo "2279"]
[BlackElo "2238"]
[PlyCount "79"]
[EventDate "2024.09.12"]
[EventType "team-tourn"]
[EventCountry "SVK"]
[SourceTitle "playchess.com"]
[Source "ChessBase"]
[SourceQuality "1"]
[TimeControl "5400+30"]

1. e4 c5 2. Nf3 d6 3. d4 cxd4 4. Qxd4 Nf6 5. Bg5 Nc6 6. Bb5 Bd7 7. Qd3 a6 8. Bxc6 Bxc6 9. Nc3 h6 10. Bxf6 gxf6 11. Nd4 Rg8 12. g3 Bd7 13. Nf5 b5 14. O-O-O b4 15. Nd5 e6 16. Rhe1 Bb5 17. Qd4 exd5 18. exd5+ Kd7 19. f4 Rc8 20. Qxb4 Qc7 21. Qe4 Qc4 22. Qxc4 Rxc4 23. b3 Rc7 24. a4 Bxa4 25. bxa4 Rc4 26. Kd2 Rc5 27. Kc1 Rc4 28. Kb2 Rxa4 29. Kb3 Ra5 30. c4 Rc5 31. Ra1 a5 32. Kc3 h5 33. Rab1 h4 34. Rb7+ Rc7 35. Rb8 hxg3 36. Ree8 Rxc4+ 37. Kxc4 gxh2 38. Red8+ Kc7 39. Nd4 h1=Q 40. Nb5# 1-0

[Event "Slovakian ECo-C Extraliga 2024-25"]
[Site "Slovakia"]
[Date "2025.02.15"]
[Round "5.6"]
[White "Csonka, Atilla"]
[Black "Csonka, Atilla"]
[Result "*"]
[Annotator "NA"]
[ECO "B53"]
[WhiteElo "2279"]
[BlackElo "2279"]
[PlyCount "40"]
[EventDate "2024.09.12"]
[EventType "team-tourn"]
[EventCountry "SVK"]
[SourceTitle "playchess.com"]
[Source "ChessBase"]
[SourceQuality "1"]
[TimeControl "5400+30"]

1. e4 c5 2. Nf3 d6 3. d4 cxd4 4. Qxd4 Nf6 5. Bg5 Nc6 6. Bb5 Bd7 7. Qd3 a6 8. Bxc6 Bxc6 9. Nc3 h6 10. Bxf6 gxf6 11. Nd4 Rg8 12. g3 Bd7 13. Nf5 b5 14. O-O-O b4 15. Nd5 e6 16. Rhe1 Bb5 17. Qd4 exd5 18. exd5+ Kd7 19. f4 Rc8 20. Qxb4 Qc7 *

[Event "Slovakian ECo-C Extraliga 2024-25"]
[Site "Slovakia"]
[Date "2025.02.15"]
[Round "5.6"]
[White "Meszaros, Casey Ryan"]
[Black "Kantorik, Marian"]
[Result "1/2-1/2"]
[Annotator "ChessBase"]
[ECO "A05"]
[WhiteElo "2003"]
[BlackElo "2171"]
[PlyCount "145"]
[EventDate "2024.09.12"]
[EventType "team-tourn"]
[EventCountry "SVK"]
[SourceTitle "playchess.com"]
[Source "ChessBase"]
[SourceQuality "1"]
[TimeControl "5400+30"]

1. Nf3 Nf6 2. e3 d5 3. c4 c5 4. cxd5 Nxd5 5. Bc4 e6 6. O-O Be7 7. Nc3 O-O 8. Rb1 Nc6 9. b3 a6 10. Bb2 b5 11. Bxd5 exd5 12. d4 c4 13. e4 dxe4 14. Nxe4 Bf5 15. Re1 Bb4 16. Re3 Re8 17. Qe2 c3 18. Ba1 Rc8 19. Rc1 Bxe4 20. Rxe4 Rxe4 21. Qxe4 Ne7 22. Ng5 Ng6 23. h4 Qe7 24. Qxe7 Nxe7 25. a3 Bxa3 26. Rxc3 Rxc3 27. Bxc3 Nd5 28. Bd2 Bb2 29. Nf3 Bc3 30. Bxc3 Nxc3 31. Kf1 f6 32. Ke1 Kf7 33. Kd2 Nd5 34. Ne1 Nb4 35. g3 Ke6 36. Ng2 a5 37. Nf4+ Kf5 38. f3 g5 39. Ng2 h5 40. Ne3+ Ke6 41. Nd1 gxh4 42. gxh4 Nd5 43. Nf2 Nf4 44. Ne4 Ng2 45. d5+ Kf7 46. Nd6+ Ke7 47. Nxb5 Nxh4 48. Ke3 Nf5+ 49. Kf4 h4 50. Kg4 Kd7 51. Na3 Nd4 52. Nc4 Nxb3 53. Kxh4 Ke7 54. Kg4 a4 55. d6+ Ke6 56. f4 Nd4 57. f5+ Nxf5 58. d7 Nh6+ 59. Kf4 Nf7 60. Ke4 Nd8 61. Kf4 Nb7 62. Kg4 Ke7 63. Kf5 Nd6+ 64. Nxd6 a3 65. Nb7 Kxd7 66. Nc5+ Kd6 67. Ne4+ Kd5 68. Nc3+ Kc4 69. Na2 Kb3 70. Nc1+ Kc2 71. Na2 Kb2 72. Nb4 Kb3 73. Nd3 1/2-1/2

[Event "Slovakian ECo-C Extraliga 2024-25"]
[Site "Slovakia"]
[Date "2025.02.15"]
[Round "5.6"]
[White "Kopecny, Filip"]
[Black "Toth, Ervin"]
[Result "1-0"]
[Annotator "ChessBase"]
[ECO "B06"]
[WhiteElo "1970"]
[BlackElo "2393"]
[PlyCount "93"]
[EventDate "2024.09.12"]
[EventType "team-tourn"]
[EventCountry "SVK"]
[SourceTitle "playchess.com"]
[Source "ChessBase"]
[SourceQuality "1"]
[TimeControl "5400+30"]

1. e4 g6 2. d4 Bg7 3. Nf3 d6 4. h3 Nf6 5. Bd3 O-O 6. O-O c6 7. c3 Nbd7 8. Bf4 Nh5 9. Bh2 e5 10. Nbd2 Qe7 11. Qe2 Rd8 12. Rad1 Nf8 13. Qe3 b5 14. g4 exd4 15. Nxd4 Bxd4 16. cxd4 Ng7 17. Rfe1 a6 18. Nb3 Ra7 19. Bf1 Re8 20. Bg2 Qd8 21. Qc3 Bb7 22. Na5 Qd7 23. Rc1 Rc8 24. Qa3 Ne8 25. Qe3 Ba8 26. b4 Rac7 27. Nb3 Qd8 28. Rc3 Re7 29. Qd2 Nd7 30. Rec1 Nb6 31. Na5 Qd7 32. R3c2 Nf6 33. Qf4 Ne8 34. g5 d5 35. Bf3 Ng7 36. Bg4 Ne6 37. Qf6 h5 38. gxh6 Kh7 39. Nxc6 Bxc6 40. Rxc6 Rxc6 41. Rxc6 Qxc6 42. Bxe6 Qc1+ 43. Kg2 fxe6 44. Qxe7+ Kxh6 45. Qh4+ Kg7 46. Be5+ Kf8 47. Qf6+ 1-0

[Event "Slovakian ECo-C Extraliga 2024-25"]
[Site "Slovakia"]
[Date "2025.02.15"]
[Round "5.7"]
[White "Farkas, Gabor"]
[Black "Pericka, Tomas"]
[Result "1-0"]
[Annotator "ChessBase"]
[ECO "A40"]
[WhiteElo "2314"]
[BlackElo "2058"]
[PlyCount "70"]
[EventDate "2024.09.12"]
[EventType "team-tourn"]
[EventCountry "SVK"]
[SourceTitle "playchess.com"]
[Source "ChessBase"]
[SourceQuality "1"]
[TimeControl "5400+30"]

1. d4 g6 2. c4 Bg7 3. Nc3 c5 4. d5 Nf6 5. e4 d6 6. Be2 e6 7. Bg5 h6 8. Bf4 exd5 9. exd5 O-O 10. Nf3 Re8 11. O-O Nh5 12. Be3 Nd7 13. Nd2 Nhf6 14. Bf4 Ne5 15. Bg3 Bf5 16. Re1 Qd7 17. Bf1 Nd3 18. Bxd3 Rxe1+ 19. Qxe1 Bxd3 20. Qe3 Bf5 21. Qf4 Rd8 22. h3 a6 23. a4 Nh5 24. Qxd6 Qxd6 25. Bxd6 Rxd6 26. g4 Nf4 27. gxf5 gxf5 28. Re1 Bd4 29. Re8+ Kg7 30. Ne2 Rg6+ 31. Kf1 Nxh3 32. Nf3 Bxf2 33. Ne5 Rb6 34. Kg2 Rxb2 35. Nd3 Rd2 1-0

[Event "Slovakian ECo-C Extraliga 2024-25"]
[Site "Slovakia"]
[Date "2025.02.15"]
[Round "5.7"]
[White "Garban, Mario"]
[Black "Striskova, Lucia"]
[Result "1-0"]
[Annotator "ChessBase"]
[ECO "C56"]
[WhiteElo "2181"]
[BlackElo "2074"]
[PlyCount "141"]
[EventDate "2024.09.12"]
[EventType "team-tourn"]
[EventCountry "SVK"]
[SourceTitle "playchess.com"]
[Source "ChessBase"]
[SourceQuality "1"]
[TimeControl "5400+30"]

1. e4 e5 2. Bc4 Nf6 3. d4 exd4 4. Nf3 Nc6 5. O-O Nxe4 6. Re1 d5 7. Bxd5 Qxd5 8. Nc3 Qh5 9. Nxe4 Be6 10. Nxd4 Qxd1 11. Rxd1 O-O-O 12. Be3 Nxd4 13. Rxd4 Be7 14. a4 a6 15. Re1 Rhe8 16. Rxd8+ Rxd8 17. Bc5 Bxc5 18. Nxc5 Rd2 19. Nxe6 fxe6 20. Rc1 Kd7 21. Kf1 Kc6 22. Ke1 Rd4 23. b3 Kc5 24. c3 Re4+ 25. Kd2 Re5 26. f4 Rf5 27. Ke3 e5 28. Rf1 exf4+ 29. Rxf4 Re5+ 30. Kd3 Rg5 31. g3 Kd6 32. Rf7 b5 33. a5 Rg6 34. Ke4 Re6+ 35. Kd3 Re7 36. Rf8 Kc6 37. Ra8 Kb7 38. Rd8 Kc6 39. Rg8 Rd7+ 40. Ke4 Re7+ 41. Kf4 Rf7+ 42. Ke3 Re7+ 43. Kd3 Rd7+ 44. Kc2 Rf7 45. b4 Kd5 46. Kb3 c5 47. Rd8+ Kc6 48. Rc8+ Rc7 49. Rb8 c4+ 50. Kc2 Kd5 51. Kd2 Rf7 52. Rd8+ Ke4 53. Ke2 Rf6 54. Rd7 Rg6 55. Re7+ Kd5 56. Ke3 Re6+ 57. Rxe6 Kxe6 58. Ke4 g6 59. Kf4 Kf6 60. h4 h5 61. g4 hxg4 62. Kxg4 Kf7 63. Kf3 Kf6 64. Kf4 Ke6 65. Ke4 Kd6 66. Kd4 Ke6 67. Kc5 Ke5 68. Kb6 Kd6 69. Kxa6 Kc6 70. Ka7 Kc7 71. a6 1-0

[Event "Slovakian ECo-C Extraliga 2024-25"]
[Site "Slovakia"]
[Date "2025.02.15"]
[Round "5.7"]
[White "Sekova, Olivia"]
[Black "Rachela, Milan"]
[Result "0-1"]
[Annotator "ChessBase"]
[ECO "C44"]
[WhiteElo "2003"]
[BlackElo "2320"]
[PlyCount "72"]
[EventDate "2024.09.12"]
[EventType "team-tourn"]
[EventCountry "SVK"]
[SourceTitle "playchess.com"]
[Source "ChessBase"]
[SourceQuality "1"]
[TimeControl "5400+30"]

1. e4 e5 2. Nf3 Nc6 3. d4 exd4 4. Nxd4 Bb4+ 5. c3 Be7 6. Nf5 g6 7. Nxe7 Qxe7 8. Bd3 b6 9. O-O Bb7 10. c4 O-O-O 11. Nc3 f6 12. Nd5 Qg7 13. Qa4 Nge7 14. Bf4 d6 15. Rfc1 g5 16. Bg3 h5 17. h4 gxh4 18. Bxh4 Rdg8 19. Bf1 Rh6 20. Rc3 Rg6 21. Rg3 Rxg3 22. fxg3 f5 23. c5 dxc5 24. Bf6 Qf8 25. Bc4 Rxg3 26. Bxe7 Nxe7 27. Qxa7 Nc6 28. Qa4 Qg7 29. Bf1 fxe4 30. Rd1 Qe5 31. Ba6 Nd4 32. Nf6 b5 33. Bxb5 Qxf6 34. Rf1 Nf3+ 35. Kf2 Rg8 36. gxf3 Qxb2+ 0-1

[Event "Slovakian ECo-C Extraliga 2024-25"]
[Site "Slovakia"]
[Date "2025.02.15"]
[Round "5.8"]
[White "Takacs, Laszlo"]
[Black "Takacs, Laszlo"]
[Result "*"]
[Annotator "NA"]
[ECO "B30"]
[WhiteElo "2227"]
[BlackElo "2227"]
[PlyCount "22"]
[EventDate "2024.09.12"]
[EventType "team-tourn"]
[EventCountry "SVK"]
[SourceTitle "playchess.com"]
[Source "ChessBase"]
[SourceQuality "1"]
[TimeControl "5400+30"]

1. e4 c5 2. Nf3 Nc6 3. Bb5 e5 4. O-O Bd6 5. c3 a6 6. Bxc6 dxc6 7. d4 cxd4 8. cxd4 Qc7 9. dxe5 Bxe5 10. Nxe5 Qxe5 11. Nd2 Be6 *

[Event "Slovakian ECo-C Extraliga 2024-25"]
[Site "Slovakia"]
[Date "2025.02.15"]
[Round "5.8"]
[White "Takacs, Laszlo"]
[Black "Smetana, Peter"]
[Result "1/2-1/2"]
[Annotator "ChessBase"]
[ECO "B30"]
[WhiteElo "2227"]
[BlackElo "1947"]
[PlyCount "105"]
[EventDate "2024.09.12"]
[EventType "team-tourn"]
[EventCountry "SVK"]
[SourceTitle "playchess.com"]
[Source "ChessBase"]
[SourceQuality "1"]
[TimeControl "5400+30"]

1. e4 c5 2. Nf3 Nc6 3. Bb5 e5 4. O-O Bd6 5. c3 a6 6. Bxc6 dxc6 7. d4 cxd4 8. cxd4 Qc7 9. dxe5 Bxe5 10. Nxe5 Qxe5 11. Nd2 Be6 12. f4 Qc5+ 13. Kh1 f6 14. Nb3 Qb6 15. Qh5+ Bf7 16. Qg4 Kf8 17. Rd1 Bxb3 18. axb3 Ne7 19. Qe6 Rd8 20. Be3 Qc7 21. Kg1 h5 22. Kf2 f5 23. Rxd8+ Qxd8 24. exf5 Qd5 25. Re1 Qxf5 26. Qd6 Rh6 27. Qb8+ Kf7 28. Qxb7 Re6 29. Qd7 Qc2+ 30. Qd2 Qxb3 31. Bd4 Rxe1 32. Qxe1 Qc2+ 33. Qe2 Qxe2+ 34. Kxe2 g6 35. Kd3 Ke6 36. Ke4 Nf5 37. Bc3 c5 38. Be5 Nh4 39. g3 Nf5 40. Bc7 Ne7 41. h3 Nf5 42. g4 hxg4 43. hxg4 Nh6 44. Kf3 Kd5 45. Be5 Nf7 46. Bc7 Kc6 47. Ba5 Nd6 48. Bc3 Kd5 49. Ke3 Ne4 50. Bg7 Nd6 51. Bc3 Ne4 52. Bg7 Nd6 53. Bc3 1/2-1/2

[Event "Slovakian ECo-C Extraliga 2024-25"]
[Site "Slovakia"]
[Date "2025.02.15"]
[Round "5.8"]
[White "Benci, Jozef"]
[Black "Kasperek, Ryszard"]
[Result "0-1"]
[Annotator "NA"]
[ECO "A04"]
[WhiteElo "1954"]
[BlackElo "2069"]
[PlyCount "82"]
[EventDate "2024.09.12"]
[EventType "team-tourn"]
[EventCountry "SVK"]
[SourceTitle "playchess.com"]
[Source "ChessBase"]
[SourceQuality "1"]
[TimeControl "5400+30"]

1. Nf3 c5 2. c4 Nc6 3. g3 g6 4. Bg2 Bg7 5. O-O e5 6. d3 Nge7 7. Nc3 d6 8. Rb1 O-O 9. a3 a5 10. Bg5 f6 11. Bd2 Bg4 12. h3 Be6 13. Ne1 Qd7 14. Kh2 Rab8 15. Nc2 d5 16. cxd5 Nxd5 17. Ne3 Nxe3 18. Bxe3 Nd4 19. Ne4 Rfc8 20. Bxd4 cxd4 21. b4 axb4 22. axb4 b6 23. Ra1 Bd5 24. Qa4 Qxa4 25. Rxa4 Bc6 26. Ra7 f5 27. Nd6 Bxg2 28. Kxg2 Rc2 29. Kf3 Bf8 30. Nf7 Re8 31. Rd7 e4+ 32. dxe4 fxe4+ 33. Kg2 Rxe2 34. Nd6 Re6 35. Nb5 Rf6 36. Nxd4 Rd2 37. Kg1 Bxb4 38. g4 Bc5 39. Rd8+ Kf7 40. Nc6 Rdxf2 41. Ne5+ Ke7 0-1

[Event "Slovakian ECo-C Extraliga 2024-25"]
[Site "Slovakia"]
[Date "2025.02.15"]
[Round "5.8"]
[White "Jarabek, Milan"]
[Black "Urhegyi, Marton"]
[Result "0-1"]
[Annotator "NA"]
[ECO "B38"]
[WhiteElo "1814"]
[BlackElo "2249"]
[PlyCount "42"]
[EventDate "2024.09.12"]
[EventType "team-tourn"]
[EventCountry "SVK"]
[SourceTitle "playchess.com"]
[Source "ChessBase"]
[SourceQuality "1"]
[TimeControl "5400+30"]

1. e4 c5 2. Nf3 Nc6 3. d4 cxd4 4. Nxd4 g6 5. c4 Bg7 6. Be3 Nf6 7. Nc3 d6 8. Be2 O-O 9. O-O Bd7 10. Nc2 a5 11. f4 a4 12. c5 dxc5 13. e5 Ne8 14. Bxc5 Nc7 15. Ne3 Ne6 16. Ne4 Nxc5 17. Nxc5 Qb6 18. Qxd7 Rfd8 19. Qxb7 Qxc5 20. Kf2 Rab8 21. Qa6 Rb4 0-1